AoeStats
← rider57

Arena

508571482Analyzed
1v1 RM · 9d ago on Sep 23, 2026· 44m 54s· 2 players
Game mode
Random Map
Map size
Tiny (2 player)
Population
200
Speed
Normal
Resources
Standard
Victory
Conquest
Starting age
Dark Age
Ending age
Imperial Age
RankedLock teamsTeams togetherTeam positionsShared explorationLock speedFull tech treeHidden civsTurbo modeCheats
Victory
Defeat
🇮🇳 Khmer · India
955
+16
🇲🇽 Mongols · Mexico
951
-16
Miox
2:44 Loom
11:36 Feudal Age
12:07 Double-Bit Axe
12:04 Horse Collar
13:39 Wheelbarrow
19:15 Castle Age
17:54 Scale Barding Armor
17:59 Forging
18:13 Gold Mining
19:56 Heavy Plow
20:40 Bow Saw
23:20 Forging
23:33 Pikeman
25:41 Scale Mail Armor
26:43 Chain Mail Armor
27:37 Stone Mining
28:22 Bloodlines
28:12 Husbandry
28:40 Light Cavalry
31:01 Squires
31:57 Gold Shaft Mining
32:52 Fortified Wall
35:20 Stone Shaft Mining
35:56 Iron Casting
35:41 Chain Barding Armor
38:35 Imperial Age
35:51 Town Watch
36:04 Fletching
36:15 Padded Archer Armor
36:45 Hand Cart
37:57 Masonry
38:39 Hussar
42:46 Blast Furnace
42:17 Plate Mail Armor
42:43 Siege Engineers
43:40 Chemistry
44:29 Nomads
rider57
10:14 Feudal Age
14:08 Castle Age
13:23 Double-Bit Axe
14:48 Loom
17:01 Wheelbarrow
19:56 Wheelbarrow
21:17 Bow Saw
20:49 Horse Collar
21:04 Gold Mining
23:52 Bloodlines
23:42 Husbandry
24:23 Stone Mining
24:58 Forging
24:54 Scale Barding Armor
25:39 Heavy Plow
28:10 Iron Casting
27:56 Chain Barding Armor
29:40 Fletching
30:22 Hand Cart
31:40 Gold Shaft Mining
31:36 Tusk Swords
34:20 Imperial Age
31:50 Town Watch
31:55 Elite Skirmisher
32:38 Padded Archer Armor
32:34 Bodkin Arrow
34:03 Ballistics
33:58 Town Patrol
36:23 Chemistry
36:37 Blast Furnace
36:14 Plate Barding Armor
36:17 Conscription
36:33 Elite Battle Elephant
40:07 Capped Ram
44:41 Siege Ram
Connection lost

Rejoining the realm…

Still unreachable

The connection could not be restored.

Session expired

The server has moved on; the page needs a fresh start.